 Dungeon Crawl Stone Soup version 0.31-a0-1343-gcd514f47d3 (webtiles) character file.

Game seed: 1538672358369478295

524 AuftragZ the Gusty (level 7, -9/55 HPs)
             Began as a Naga Air Elementalist on Dec 22, 2023.
             Mangled by a black bear (21 damage)
             ... on level 4 of the Dungeon.
             The game lasted 00:16:13 (4687 turns).

AuftragZ the Gusty (Naga Air Elementalist)          Turns: 4687, Time: 00:16:14

Health: -9/55      AC:  3    Str: 10    XL:     7   Next: 22%
Magic:  12/12      EV:  1    Int: 17    God:
Gold:   174        SH:  0    Dex: 12    Spells: 2/12 levels left

rFire   . . .        k - +2 scythe (protect)
rCold   . . .        (shield currently unavailable)
rNeg    + . .        a - +0 robe
rPois   +            (no helmet)
rElec   .            (no cloak)
rCorr   .            (no gloves)
SInv    +            (no barding)
Will    .....        d - amulet of regeneration
Stlth   ++           l - ring of positive energy
HPRegen 1.09/turn    (no ring)
MPRegen 0.13/turn

%: no passive effects
@: sleeping, very slow
A: AC +2, large, see invisible, deformed body, poison resistance, slowness 2,
spit poison 1, naga tail 1
a: Spit Poison


You were on level 4 of the Dungeon.
You visited 1 branch of the dungeon, and saw 4 of its levels.

You collected 174 gold pieces.

Inventory:

Hand Weapons
 k - a +2 scythe of protection (weapon)
Armour
 a - a +0 robe (worn)
Jewellery
 d - an amulet of regeneration (around neck)
 l - a ring of positive energy (left hand)
Wands
 f - a wand of flame (7)
 j - a wand of charming (7)
Scrolls
 h - a scroll of noise {unknown}
Potions
 c - 2 potions of mutation {unknown}
 e - a potion of degeneration {unknown}
 g - a potion of curing
 i - a potion of brilliance {unknown}


   Skills:
 + Level 0.1 Fighting
 - Level 1.5 Dodging
 + Level 3.3 Stealth
 + Level 0.6 Unarmed Combat
 + Level 3.3 Spellcasting
 * Level 4.4 Conjurations
 * Level 5.6 Air Magic
 + Level 0.1 Evocations


You had 2 spell levels left.
You knew the following spells:

 Your Spells              Type           Power      Damage    Failure   Level
a - Shock                 Conj/Air       80%        1d8       2%          1
b - Static Discharge      Conj/Air       40%        3-5/arc   3%          2
c - Swiftness             Air            21%        N/A       4%          3
d - Airstrike             Air            10%        2d(2-18)  17%         4

Your spell library contained the following spells:

 Spells                   Type           Power      Damage    Failure   Level


Dungeon Overview and Level Annotations

Branches:
Dungeon (4/15)
 Temple: D:4-7

Altars:
Okawaru


Innate Abilities, Weirdness & Mutations

Your serpentine skin is tough. (AC +2)
You have supernaturally acute eyesight. (SInv)
Armour fits poorly on your strangely shaped body.
Your system is resistant to poisons. (rPois)
You cover ground very slowly.
You can spit poison.
You have a snake-like lower body.


Message History

The centaur hits you!
You wake up.
The centaur misses you. The howler monkey barely misses you.
The black bear bites you but does no damage.
The black bear claws you.
The black bear claws you but does no damage.
The sleepcap completely misses you. The centaur hits you.
The centaur kicks you.
* * * LOW HITPOINT WARNING * * *
An orc opens the door.
The howler monkey hoots and howls with incredible vigour!
The black bear barely misses you. The black bear claws you.
* * * LOW HITPOINT WARNING * * *
The black bear claws you but does no damage.
The centaur completely misses you. The centaur closely misses you.
The sleepcap closely misses you. The black bear barely misses you.
The black bear claws you.
* * * LOW HITPOINT WARNING * * *
The black bear claws you but does no damage.
You feel better. The centaur closely misses you. The centaur kicks you.
The sleepcap closely misses you. The centaur closely misses you.
The centaur kicks you but does no damage.
The black bear barely misses you. The black bear claws you. x2
You feel better.
You no longer feel sluggish.
The howler monkey hoots and howls with incredible vigour!
The centaur misses you. The centaur closely misses you.
The sleepcap releases spores at you. The black bear bites you.
The black bear barely misses you. The black bear closely misses you.
You feel better. The centaur hits you. The centaur kicks you.
The sleepcap barely misses you. The centaur hits you. The centaur kicks you.
The black bear barely misses you.
The black bear claws you but does no damage.
The black bear barely misses you. Magic courses through your body.
The centaur barely misses you. The centaur kicks you.
The sleepcap releases spores at you.
* * * LOW HITPOINT WARNING * * *
You are engulfed in a cloud of soporific spores!
You fall asleep.
The black bear bites you!!
You die...

.o# ##. # #c## ..##
###o######..##.##?
#@ch....##....)...
#hf.....##h..)....
####oc.....##......#
#.......#####$.....##
#.......#.?.o......##
#.........####.....##
#...........##.....##
#.......#.#.#...#####
#########.#....)# #


You could see a black bear, a sleepcap, 2 centaurs, a howler monkey and 2 orcs.

Vanquished Creatures
  Sigmund (D:3)
  2 orc priests (D:4)
  Natasha (thrice) (D:2)
  Terence (D:2)
  An orc wizard (D:3)
  6 adders (D:3)
  3 river rats (D:3)
  A worm (D:3)
  6 dart slugs
  6 orcs
  4 ball pythons
  8 endoplasms
  3 giant cockroaches
  9 goblins
  7 hobgoblins
  6 jackals (D:1)
  8 kobolds
  A quokka (D:2)
  5 bats
  A frilled lizard (D:1)
  4 rats
86 creatures vanquished.

Notes
Turn   | Place    | Note
-------+----------+-------------------------------------------
     0 | D:1      | AuftragZ the Naga Air Elementalist began the quest for the
                  | Orb.
     0 | D:1      | Reached XP level 1. HP: 15/15 MP: 3/3
   436 | D:1      | Reached XP level 2. HP: 22/22 MP: 3/5
  1130 | D:1      | Reached XP level 3. HP: 27/28 MP: 3/6
  1380 | D:2      | Noticed Terence
  1430 | D:1      | Learned a level 2 spell: Static Discharge
  1441 | D:2      | Killed Terence
  1442 | D:2      | Reached skill level 4 in Air Magic
  1701 | D:2      | Reached XP level 4. HP: 36/36 MP: 0/7
  2168 | D:2      | Noticed Natasha
  2175 | D:2      | Killed Natasha
  2281 | D:2      | Found an iron altar of Okawaru.
  2367 | D:2      | Noticed Natasha
  2372 | D:2      | Killed Natasha
  2373 | D:2      | Reached XP level 5. HP: 41/42 MP: 1/9
  2505 | D:2      | Noticed Natasha
  2509 | D:2      | Killed Natasha
  3108 | D:3      | Noticed Sigmund
  3698 | D:3      | Killed Sigmund
  3699 | D:3      | Reached skill level 5 in Air Magic
  3699 | D:3      | Reached XP level 6. HP: 38/49 MP: 0/10
  3994 | D:3      | Reached XP level 7. HP: 53/55 MP: 3/12
  4273 | D:3      | Learned a level 3 spell: Swiftness
  4278 | D:3      | Learned a level 4 spell: Airstrike
  4687 | D:4      | Mangled by a black bear

Illustrated notes

Levels and vault maps discovered:
D:1:      minmay_arrival_diagonal_passages, layout_basic, roderic_roman_lattice,
          minivault_24, grunt_decor_mini_mirrors, chequers_arboretum
D:2:      layout_basic, basic_altar, uniq_natasha, uniq_terence
D:3:      layout_loops_ring, lightli_sewer_entry_pipes, serial_bayou_crossing,
          uniq_sigmund
D:4:      kennysheep_the_goblin_king, layout_basic,
          minmay_temple_entry_junction, minmay_manual_mares

Skill      XL: |  1  2  3  4  5  6 |
---------------+-------------------+-----
Air Magic      | 4 5 |  5.6
Conjurations   | 2 3 4 |  4.4
Spellcasting   | 3 |  3.3
Fighting       | |  0.1
Dodging        | |  1.5
Stealth        | |  3.3
Unarmed Combat | |  0.6
Evocations     | |  0.1

Action                     |  1- 3 |  4- 6 |  7- 9 || total
---------------------------+-------+-------+-------++-------
  Melee: Unarmed           |    13 |    13 |       ||    26
         Halberd           |       |     6 |       ||     6
   Cast: Shock             |    54 |   105 |    27 ||   186
         Static Discharge  |     3 |    14 |     6 ||    23
         Swiftness         |       |       |     1 ||     1
  Evoke: Wand              |       |     1 |       ||     1
    Use: Scroll            |     2 |     1 |     3 ||     6
         Potion            |       |       |     4 ||     4
 Armour: Robe              |    25 |    53 |    52 ||   130
  Dodge: Dodged            |    19 |    23 |    35 ||    77

Table legend: (Time is in decaauts)
 A = Elapsed time spent in this place.
 B = Non-inter-level travel time spent in this place.
 C = Inter-level travel time spent in this place.
 D = Time resting spent in this place.
 E = Time spent auto-exploring this place.
 F = Levels seen in this place.
 G = Mean time per level.
                   A        B        C        D        E       F      G
               +--------+--------+--------+--------+--------+-----+--------+
         Total |   5640 |   5640 |      0 |    166 |   4706 |   4 | 1410.0 |
       Dungeon |   5640 |   5640 |      0 |    166 |   4706 |   4 | 1410.0 |
               +--------+--------+--------+--------+--------+-----+--------+

Top non-repeatable levels by time:
     D:1: 1804 daAuts
     D:3: 1716 daAuts
     D:2: 1642 daAuts
     D:4: 477 daAuts
